 Dungeon Crawl Stone Soup version 0.29-a0-553-g81b289dbe5 (webtiles) character file.

Game seed: 4114930890593676903

7 croobank the Covert (level 2, -2/27 (29) HPs)
             Began as a Gnoll Delver on June 6, 2022.
             Slain by Edmund
             ... wielding a +5 flail of draining
              (14 damage)
             ... on level 4 of the Dungeon.
             The game lasted 00:02:42 (257 turns).

croobank the Covert (Gnoll Delver)                   Turns: 257, Time: 00:02:42

HP:   -2/27 (29)    AC:  3    Str: 11    XL:     2   Next: 4%
MP:   2/2           EV: 13    Int:  9    God:
Gold: 0             SH:  0    Dex: 13    Spells: 1/1 levels left

rFire   . . .      SeeInvis .   a - +0 hand axe
rCold   . . .      Faith    .   (no shield)
rNeg    . . .      Spirit   .   b - +0 leather armour
rPois   .          Reflect  .   (no helmet)
rElec   .          Harm     .   (no cloak)
rCorr   .          Rampage  .   (no gloves)
Will    .....                   (no boots)
Stlth   ++++......              (no amulet)
HPRegen 0.09/turn               (no ring)
MPRegen 0.08/turn               (no ring)

@: hasted, drained, very quick
A: fangs 1, strong nose, distributed training
a: no special abilities


You were on level 4 of the Dungeon.
You visited 1 branch of the dungeon, and saw 3 of its levels.

Inventory:

Hand Weapons
 a - a +0 hand axe (weapon)
Armour
 b - a +0 leather armour (worn)
Wands
 g - a wand of digging (3)
Scrolls
 c - a scroll of fog
 e - a scroll of brand weapon {unknown}
Potions
 d - 2 potions of brilliance {unknown}
 h - a potion of berserk rage


   Skills:
 + Level 6.4 Fighting
 + Level 0.2 Short Blades
 + Level 0.2 Long Blades
 + Level 4.4 Axes
 + Level 0.2 Maces & Flails
 + Level 0.2 Polearms
 + Level 0.2 Staves
 + Level 0.2 Slings
 + Level 0.2 Bows
 + Level 0.2 Crossbows
 + Level 0.2 Throwing
 + Level 0.2 Armour
 + Level 4.4 Dodging
 + Level 9.5 Stealth
 + Level 0.2 Shields
 + Level 0.2 Unarmed Combat
 + Level 0.2 Spellcasting
 + Level 0.1 Conjurations
 + Level 0.1 Hexes
 + Level 0.1 Summonings
 + Level 0.1 Necromancy
 + Level 0.1 Translocations
 + Level 0.1 Transmutations
 + Level 0.1 Fire Magic
 + Level 0.1 Ice Magic
 + Level 0.1 Air Magic
 + Level 0.1 Earth Magic
 + Level 0.1 Poison Magic
 + Level 0.3 Invocations
 + Level 0.2 Evocations


You had one spell level left.
You didn't know any spells.
Your spell library was empty.

Dungeon Overview and Level Annotations

Branches:
Dungeon (5/15)
 Temple: D:4-7

Altars:
Vehumet

Annotations:
D:4 Edmund


Innate Abilities, Weirdness & Mutations

You have very sharp teeth.
Your uncanny sense of smell can sniff out nearby items.
Your experience applies equally to all skills.


Message History

A bat comes into view.
The helpless bat fails to defend itself.
You hit the bat.
You kill the bat!
No target in view!
No target in view!
A goblin comes into view. It is wielding a +0 dagger.
The goblin shouts!
Found 2 smoky white potions.
The goblin hits you but does no damage.
You closely miss the goblin. The goblin hits you with a +0 dagger.
You hit the goblin.
The goblin is severely wounded.
The goblin barely misses you.
You barely miss the goblin.
The goblin is severely wounded.
The goblin closely misses you.
You hit the goblin.
You kill the goblin!
You have reached level 2!
You see here a +0 dagger.
d - 2 smoky white potions
Found 20 stones.
Found a stone staircase leading up.
You see here 20 stones.
(D) Dungeon
Where to? (? - help)
You see here a +0 dagger.
There is a stone staircase leading down here.
You climb downwards.
Level annotation: Edmund Edmund barely misses you.
There is a stone staircase leading up, spattered with blood here.
Edmund is nearby!
You feel yourself speed up.
Edmund hits you with a +5 flail of draining!
Ouch! That really hurt!
You feel drained.
Edmund hits you with a +5 flail of draining!
Ouch! That really hurt!
You die...

### ###..# #....
##...## ##.....#
##.....##
####.......#
#......@@.#
...#..##<>#
#?..........#
#....#........
...........)....
..............$.
...?.....##.....
.......... ....#
...##..... ##..#


You could see Edmund.

Vanquished Creatures
  An ufetubus (D:4)
  A goblin (D:3)
  A bat (D:3)
3 creatures vanquished.

Notes
Turn   | Place    | Note
-------+----------+-------------------------------------------
     0 | D:5      | Reached skill level 9 in Stealth
     0 | D:5      | croobank the Gnoll Delver began the quest for the Orb.
     0 | D:5      | Reached XP level 1. HP: 23/23 MP: 1/1
    10 | D:5      | Noticed a jelly
    27 | D:5      | Noticed a scorpion
    30 | D:5      | Noticed a gnoll sergeant
    36 | D:4      | Noticed Edmund
   161 | D:3      | Found a radiant altar of Vehumet.
   183 | D:3      | Reached XP level 2. HP: 28/29 MP: 2/2
   257 | D:4      | Slain by Edmund

Illustrated notes

Levels and vault maps discovered:
D:3:      layout_basic, mainiacjoe_overflow_catch_the_wave, minmay_quantized
D:4:      layout_cave_pools, temple_statues, uniq_blork_the_orc, uniq_edmund,
          uniq_eustachio
D:5:      layout_cave_pools, kennysheep_little_box

Skill      XL: | |
---------------+-+-----
Stealth        | |  9.5
Fighting       | |  6.4
Short Blades   | |  0.2
Long Blades    | |  0.2
Axes           | |  4.4
Maces & Flails | |  0.2
Polearms       | |  0.2
Staves         | |  0.2
Slings         | |  0.2
Bows           | |  0.2
Crossbows      | |  0.2
Throwing       | |  0.2
Armour         | |  0.2
Dodging        | |  4.4
Shields        | |  0.2
Unarmed Combat | |  0.2
Spellcasting   | |  0.2
Conjurations   | |  0.1
Hexes          | |  0.1
Summonings     | |  0.1
Necromancy     | |  0.1
Translocations | |  0.1
Transmutations | |  0.1
Fire Magic     | |  0.1
Ice Magic      | |  0.1
Air Magic      | |  0.1
Earth Magic    | |  0.1
Poison Magic   | |  0.1
Invocations    | |  0.3
Evocations     | |  0.2

Action                   || total
-------------------------++-------
Melee: Hand axe          ||     6
  Use: Scroll            ||     2
       Potion            ||     1
 Stab: Sleeping          ||     1
Armor: Leather armour    ||     4
Dodge: Dodged            ||     8

Table legend: (Time is in decaauts)
 A = Elapsed time spent in this place.
 B = Non-inter-level travel time spent in this place.
 C = Inter-level travel time spent in this place.
 D = Time resting spent in this place.
 E = Time spent auto-exploring this place.
 F = Levels seen in this place.
 G = Mean time per level.
                   A        B        C        D        E       F      G
               +--------+--------+--------+--------+--------+-----+--------+
         Total |    257 |    203 |     54 |      0 |    131 |   3 |   85.7 |
       Dungeon |    257 |    203 |     54 |      0 |    131 |   3 |   85.7 |
               +--------+--------+--------+--------+--------+-----+--------+

Top non-repeatable levels by time:
     D:3: 214 daAuts
     D:5: 36 daAuts
     D:4: 7 daAuts
